 Dungeon Crawl Stone Soup version 0.26.1-11-gd32895ea62 (webtiles) character file.

Game seed: 14290511723640176095

172 H0rd4k the Charlatan (level 5, -3/38 HPs)
             Began as a Human Artificer on Apr 22, 2021.
             Slain by an ogre
             ... wielding a +0 giant club
              (12 damage)
             ... on level 3 of the Dungeon.
             The game lasted 00:03:17 (3542 turns).

H0rd4k the Charlatan (Human Artificer)              Turns: 3542, Time: 00:03:18

Health: -3/38      AC:  8    Str: 13    XL:     5   Next: 82%
Magic:  5/5        EV: 12    Int: 11    God:
Gold:   200        SH:  0    Dex: 14    Spells: 4/4 levels left

rFire    . . .     SeeInvis .   k - +0 falchion
rCold    . . .     Faith    .   (no shield)
rNeg     . . .     Spirit   .   b - +0 leather armour
rPois    .         Reflect  .   (no helmet)
rElec    .         Harm     .   a - +0 cloak {Will+}
rCorr    .         Rampage  .   (no gloves)
Will     +....                  (no boots)
Stlth    ++........             (no amulet)
HPRegen  0.12/turn              f - ring of flight
MPRegen  0.09/turn              j - +4 ring of protection

@: lethally poisoned (-3 -> -5)
A: no striking features
a: Evoke Flight


You were on level 3 of the Dungeon.
You visited 1 branch of the dungeon, and saw 4 of its levels.

You collected 200 gold pieces.

Inventory:

Hand Weapons
 g - a +0 short sword
 k - a +0 falchion (weapon)
Missiles
 s - 3 silver boomerangs (quivered)
Armour
 a - a +0 cloak of willpower (worn)
 b - a +0 leather armour (worn)
Jewellery
 f - a ring of flight (left hand)
 j - a +4 ring of protection (right hand)
Wands
 c - a wand of flame (12)
 d - a wand of enslavement (14)
 e - a wand of random effects (15)
Scrolls
 i - a scroll of noise {unknown}
 m - a scroll of blinking {unknown}
 n - 3 scrolls of teleportation {unknown}
 p - 4 scrolls of identify {unknown}
 q - a scroll of fear {unknown}
 r - 5 scrolls of remove curse {unknown}
Potions
 h - a potion of lignification {unknown}
 l - a potion of berserk rage {unknown}
 o - a potion of resistance {unknown}


   Skills:
 + Level 2.0 Fighting
 + Level 1.3(2.2) Short Blades
 + Level 2.5(2.8) Long Blades
 + Level 2.3 Armour
 + Level 2.2 Dodging
 + Level 1.5 Stealth
 + Level 3.5 Evocations


You had 4 spell levels left.
You didn't know any spells.
Your spell library was empty.

Dungeon Overview and Level Annotations

Branches:
Dungeon (4/15)
 Temple: D:4-7

Altars:
Fedhas
Hepliaklqana
Kikubaaqudgha
Qazlal
Ru
Sif Muna
Vehumet
The Shining One

Annotations:
D:2 1 runed translucent door, exclusion: door, Crazy Yiuf


Message History

You hit the worker ant.
The worker ant is lightly wounded.
The worker ant completely misses you.
Aiming: Enslavement
Press: ? - help, Shift-Dir - straight line, f - worker ant
Aim: a worker ant (lightly wounded, chance to affect: 65%)
The worker ant is charmed.
The ogre hits your worker ant with a +0 giant club!!
Your worker ant dies!
You feel sick. The ogre closely misses you.
You closely miss the ogre.
The ogre is severely wounded.
The ogre hits you with a +0 giant club!!
Ouch! That really hurt!
* * * LOW HITPOINT WARNING * * *
You barely miss the ogre.
The ogre is severely wounded.
You feel sick. The ogre hits you with a +0 giant club!
You die...

#........# ##'## #.###.##.
####.##### #.# #.##..##.
#.##########.# #.##.###.
#.........##.## #.##.# #.
#..######.#...## #.##.###.
#..#...##......#####........
#......##.#.>.#.........####
##.#...##.##.#...########
#.##......@O...##
#.######.####### #.######.#
#........# ##########


You could see an ogre.

Vanquished Creatures
  A vampire bat (D:2)
  4 adders (D:2)
  2 oozes (D:2)
  2 worms (D:3)
  3 leopard geckos
  6 orcs (D:3)
  A ball python (D:3)
  5 bat zombies (D:2)
  4 giant cockroaches
  6 goblins
  6 hobgoblins
  9 kobolds
  3 quokkas (D:3)
  8 bats
  A frilled lizard (D:3)
  7 rats
68 creatures vanquished.

Vanquished Creatures (others)
  A worker ant (D:3)
1 creature vanquished.

Grand Total: 69 creatures vanquished

Notes
Turn   | Place    | Note
-------+----------+-------------------------------------------
     0 | D:1      | H0rd4k the Human Artificer began the quest for the Orb.
     0 | D:1      | Reached XP level 1. HP: 15/15 MP: 1/1
   403 | D:1      | Reached XP level 2. HP: 18/21 MP: 2/2
  1065 | D:2      | Reached XP level 3. HP: 21/26 MP: 3/3
  1193 | D:2      | Found a runed translucent door.
  1194 | D:2      | Noticed Crazy Yiuf
  1387 | D:2      | Reached skill level 1 in Short Blades
  1530 | D:2      | Reached XP level 4. HP: 32/32 MP: 4/4
  1585 | D:2      | Reached skill level 1 in Long Blades
  1585 | D:2      | Reached XP level 5. HP: 34/38 MP: 5/5
  1621 | D:2      | Found an ancient bone altar of Kikubaaqudgha.
  1938 | D:2      | Found a hazy altar of Hepliaklqana.
  2288 | D:3      | Found a sacrificial altar of Ru.
  2288 | D:3      | Found a shimmering blue altar of Sif Muna.
  2289 | D:3      | Found a radiant altar of Vehumet.
  2368 | D:3      | Found a faded altar of an unknown god.
  2552 | D:3      | Found a glowing golden altar of the Shining One.
  3029 | D:3      | Noticed an air elemental
  3030 | D:3      | Found a stormy altar of Qazlal.
  3032 | D:3      | Noticed a fire elemental
  3032 | D:3      | Noticed a water elemental
  3523 | D:4      | Found a blossoming altar of Fedhas.
  3523 | D:4      | Noticed an ogre
  3542 | D:3      | Slain by an ogre

Illustrated notes

Levels and vault maps discovered:
D:1:      psy_arrival_conway, layout_rooms, palyth_stone_intersect
D:2:      layout_loops_ring, nzn_hepliaklqana_mist_gate,
          kennysheep_vampire_church, uniq_crazy_yiuf_cottage
D:3:      layout_loops_corners, tso_oasis_becter, grunt_temple_overflow_open,
          nicolae_qazlal_style_of_elements, chequers_ecumenical_altar_simple
D:4:      minmay_goblin_kobold_castle, layout_basic, fedhas_altar_2,
          serial_shops, shop, kennysheep_slug_shrine

Skill      XL: |  1  2  3  4  5 |
---------------+----------------+-----
Short Blades   | 1 |  1.3
Long Blades    | 1 2 |  2.5
Dodging        | 2 |  2.2
Fighting       | 2 |  2.0
Armour         | |  2.3
Stealth        | |  1.5
Evocations     | |  3.5

Action                   |  1- 3 |  4- 6 || total
-------------------------+-------+-------++-------
Melee: Short sword       |    61 |       ||    61
       Club              |    10 |       ||    10
       Falchion          |    23 |   144 ||   167
Throw: Boomerang         |       |     5 ||     5
Evoke: Wand              |     3 |     1 ||     4
  Use: Potion            |     2 |       ||     2
 Stab: Sleeping          |     1 |     5 ||     6
Armor: Leather armour    |    20 |    71 ||    91
Dodge: Dodged            |    70 |   127 ||   197
       Rpst.: Falchion   |     6 |    41 ||    47
